 Dungeon Crawl Stone Soup version 0.31-a0-981-geadf994542 (webtiles) character file.

Game seed: 14842900237835904840

13327 avis the Spry (level 11, -2/72 HPs)
             Began as a Felid Shapeshifter on Nov 2, 2023.
             Was an Initiate of Gozag.
             Slain by a yak (8 damage)
             ... on level 8 of the Dungeon.
             The game lasted 01:03:20 (11425 turns).

avis the Spry (Felid Shapeshifter)                 Turns: 11425, Time: 01:03:21

Health: -2/72      AC: 25    Str: 10    XL:     11   Next: 74%
Magic:  12/12      EV:  4    Int: 12    God:    Gozag
Gold:   447        SH:  0    Dex: 20    Spells: 10/10 levels left
                                        Lives:  0   Deaths: 2

rFire   . .          .
                       - Unarmed
rCold   . . .        (shield unavailable)
rNeg    . . .        (body armour unavailable)
rPois   +            (helmet unavailable)
rElec   .            (cloak unavailable)
rCorr   .            (gloves unavailable)
SInv    +            (boots unavailable)
Will    +....        o - amulet of reflection
Stlth   +            h - +4 ring of slaying
HPRegen 0.32/turn    k - ring of wizardry
MPRegen 0.13/turn

%: reflection, wizardry (x1)
@: confused, tree-form, ambrosia-drunk, gold aura
A: stationary, stasis, torment immunity, boosted hp, very small, (claws 1),
(fangs 3), see invisible, (speed 1), (shaggy fur 2), (stealthy paws), no weapons
or thrown items, no armour, multi-lived
a: Renounce Religion, Potion Petition, Call Merchant, Bribe Branch


You were on level 8 of the Dungeon.
You worshipped Gozag.
Gozag was aware of your devotion.
You were a tree.
You visited 3 branches of the dungeon, and saw 11 of its levels.

You collected 1600 gold pieces.
You spent 1059 gold pieces at shops.
You paid 94 gold pieces to Gozag.

Inventory:

Jewellery
 g - a ring of protection from fire
 h - a +4 ring of slaying (left branch)
 k - a ring of wizardry (right branch)
 o - an amulet of reflection (around neck)
Talismans
 f - a flux talisman
 s - a serpent talisman (active)
Wands
 c - a wand of charming (8)
Scrolls
 b - a scroll of silence
 e - 2 scrolls of identify
 m - a scroll of teleportation
 n - a scroll of summoning
 q - a scroll of blinking
 r - a scroll of fog
 t - a scroll of revelation
Potions
 a - 2 potions of lignification
 d - 4 potions of curing
 j - a potion of enlightenment
 l - 3 potions of cancellation
 u - a potion of magic
 v - a potion of brilliance
 w - a potion of resistance {unknown}


   Skills:
 - Level 6.0 Fighting
 - Level 15.0 Dodging
 - Level 3.0 Unarmed Combat
 * Level 14.3 Shapeshifting


You had 10 spell levels left.
You didn't know any spells.
Your spell library contained the following spells:

 Spells                   Type           Power      Damage    Failure   Level
 Kiss of Death            Conj/Necr      0%         2d5       13%         1
 Sting                    Tmut/Pois      0%         1d3       13%         1
 Poisonous Vapours        Pois/Air       0%         N/A       21%         2
 Confusing Touch          Hex            0%         N/A       36%         3
 Mephitic Cloud           Conj/Pois/Air  0%         N/A       36%         3
 Anguish                  Hex/Necr       0%         N/A       75%         4
 Cause Fear               Hex            0%         N/A       75%         4
 Dispel Undead            Necr           0%         3d6       75%         4
 Olgreb's Toxic Radiance  Pois           0%         N/A       75%         4
 Freezing Cloud           Conj/Ice/Air   0%         6-21      97%         5
 Enfeeble                 Hex            0%         N/A       100%        7


Dungeon Overview and Level Annotations

Branches:
Dungeon (8/15)             Temple (1/1) D:6            Lair (2/5) D:8
  Swamp: Lair:2-3    Shoals: Lair:2-3     Snake: Lair:2-3    Spider: Lair:2-3

Altars:
Cheibriados
Dithmenos
Fedhas
Gozag
Hepliaklqana
Kikubaaqudgha
Makhleb
Okawaru
Qazlal
Ru
Sif Muna
Trog
Uskayaw
Vehumet
Wu Jian
Xom
Yredelemnul
Zin
The Shining One

Shops:
D:5 ?   D:6 !   D:8 *


Innate Abilities, Weirdness & Mutations

You are a tree.
Your roots penetrate the ground, keeping you stationary.
You cannot be teleported.
You are immune to unholy pain and torment.
Your maximum health is greatly increased.
((You have sharp claws.))
((You have razor-sharp teeth.))
You have supernaturally acute eyesight. (SInv)
((You cover ground quickly. (Speed+)))
((You are covered in thick fur. (AC +2)))
((Your paws help you pounce on unaware monsters.))
You are incapable of wielding weapons or throwing items.
You cannot wear armour.
You gain extra lives every three experience levels.


Message History

The death yak is moderately wounded.
You constrict the death yak. The death yak completely misses you.
The yak bellows!
You lash the death yak!
The death yak is heavily wounded.
You constrict the death yak, but do no damage.
The death yak gores you but does no damage.
You lash the death yak!
The death yak is severely wounded.
You constrict the death yak, but do no damage.
The death yak completely misses you.
You hit the death yak.
The death yak is severely wounded.
You constrict the death yak. The death yak gores you.
You lash the death yak!
The death yak is almost dead.
You constrict the death yak. The death yak gores you!!
* * * LOW HITPOINT WARNING * * *
You hit the death yak but do no damage.
The death yak is almost dead.
You constrict the death yak. The death yak completely misses you.
You hit the death yak.
The death yak is almost dead.
You constrict the death yak.
You kill the death yak!
You lash the yak! You grab the yak.
The yak is moderately wounded.
You constrict the yak. The yak gores you!
* * * LOW HITPOINT WARNING * * *
You completely miss the yak.
The yak is heavily wounded.
You constrict the yak. The yak completely misses you.
You are confused.
You feel invigorated.
You constrict the yak. The yak gores you!
* * * LOW HITPOINT WARNING * * *
Your transformation has ended.
You turn into a tree.
Your roots penetrate the ground.
You lose your grip on the yak.
The yak gores you!
You die...
Your body crumbles into a pile of gold.

.................#...#)..####Y#..
.#########..#.####..###..'.##....
............#.# #...#...#.).....
.####......##.# #.......####....
......###...#.####.......# #....
.#######.........######### #..#.
[# #.............#########...#
.#######.....#####...##..........
.##...###...##..♣YY.......#######
.#.....##..###.###...##.#.#
.......##.## #.# #...##.#.# #####
##.....##.# #.# #......#.# #....
##...###.# #.# #..#####.# #.###
##.## #.# #.# #..#####.###.# #.#
#.# ##.###............#
#.####.###...##..#####.#####
#................# #.#


You could see 2 yaks.

Vanquished Creatures
  A two-headed ogre (D:7)
  Erica (D:8)
  4 death yaks
  A black mamba (Lair:1)
  An unseen horror (D:7)
  3 cane toads (Lair:1)
  2 komodo dragons (Lair:1)
  Maggie (D:7)
  Grinder (D:5)
  Prince Ribbit (D:5)
  5 blink frogs (Lair:1)
  3 wyverns
  15 yaks
  A basilisk (D:8)
  Eustachio (D:4)
  Menkaure (D:4)
  Edmund (D:5)
  3 water moccasins (D:8)
  4 black bears
  2 ice beasts
  A sky beast (D:7)
  3 ogres
  2 phantoms
  A kobold brigand (D:8)
  Blork the orc (D:4)
  8 bullfrogs
  2 scorpions (D:5)
  3 wights (D:8)
  6 killer bees (D:8)
  3 electric eels (Lair:1)
  2 jellies
  5 hounds
  A gnoll bouda (D:5)
  A sleepcap (D:4)
  2 iguanas
  2 orc wizards
  10 gnolls
  9 adders
  A shadow imp (D:5)
  2 white imps (D:5)
  2 ufetubi (D:5)
  3 worms
  A dart slug (D:5)
  12 orcs
  5 ball pythons
  4 bats
  4 endoplasms
  3 giant cockroaches
  4 goblins
  2 hobgoblins
  6 kobolds
  A quokka (D:2)
  4 frilled lizards
  5 rats
173 creatures vanquished.

Vanquished Creatures (others)
  An orc (D:6)
1 creature vanquished.

Grand Total: 174 creatures vanquished

Notes
Turn   | Place    | Note
-------+----------+-------------------------------------------
     0 | D:1      | avis the Felid Shapeshifter began the quest for the Orb.
     0 | D:1      | Reached XP level 1. HP: 9/9 MP: 2/2
   267 | D:1      | Reached XP level 2. HP: 13/13 MP: 3/3
   327 | D:1      | Reached skill level 3 in Dodging
  1201 | D:2      | Reached XP level 3. HP: 13/16 MP: 4/4
  2190 | D:3      | Found a basalt altar of Yredelemnul.
  2356 | D:3      | Reached skill level 4 in Dodging
  2356 | D:3      | Reached XP level 4. HP: 18/21 MP: 5/5
  3006 | D:4      | Noticed an ogre
  3065 | D:4      | Noticed Menkaure
  3087 | D:4      | Noticed Blork the orc
  3109 | D:3      | Reached skill level 5 in Dodging
  3312 | D:4      | Reached XP level 5. HP: 24/24 MP: 6/6
  3597 | D:4      | Found a shadowy altar of Dithmenos.
  3603 | D:4      | Found an opulent altar of Gozag.
  3607 | D:4      | Became a worshipper of Gozag Ym Sagoz the Greedy
  3783 | D:5      | Entered Level 5 of the Dungeon
  4100 | D:4      | Noticed Eustachio
  4119 | D:4      | Killed Eustachio
  4120 | D:4      | Reached skill level 5 in Shapeshifting
  4120 | D:4      | Gained mutation: You are covered in thick fur. (AC +2)
                  | [Felid growth]
  4120 | D:4      | Reached XP level 6. HP: 11/28 MP: 7/7
  4219 | D:4      | Killed Blork the orc
  4220 | D:4      | Reached skill level 6 in Dodging
  4345 | D:5      | Noticed Grinder
  4378 | D:4      | Reached skill level 7 in Dodging
  4591 | D:5      | Reached XP level 7. HP: 31/31 MP: 8/8
  4729 | D:5      | Killed Grinder
  4802 | D:5      | Noticed Prince Ribbit
  4824 | D:5      | Killed Prince Ribbit
  4825 | D:5      | Reached skill level 8 in Dodging
  4825 | D:5      | Reached XP level 8. HP: 33/36 MP: 9/9
  4965 | D:5      | Noticed Edmund
  4974 | D:5      | Killed Edmund
  4975 | D:5      | Reached skill level 5 in Fighting
  5080 | D:5      | Found Ricvacex's Magic Scroll Emporium.
  5114 | D:5      | Bought a scroll of amnesia for 40 gold pieces
  5114 | D:5      | Bought 2 scrolls of blinking for 150 gold pieces
  5114 | D:5      | Bought a scroll of fog for 40 gold pieces
  5114 | D:5      | Bought a scroll of revelation for 75 gold pieces
  5114 | D:5      | Bought a scroll of identify for 20 gold pieces
  5115 | D:5      | Bought a scroll of identify for 20 gold pieces
  5115 | D:5      | Bought a scroll of identify for 20 gold pieces
  5115 | D:5      | Bought a scroll of identify for 20 gold pieces
  5207 | D:5      | Reached skill level 9 in Dodging
  5442 | D:4      | Killed Menkaure
  5740 | D:6      | Found Utwuh's Distillery.
  5979 | D:6      | Found a staircase to the Ecumenical Temple.
  5989 | Temple   | Entered the Ecumenical Temple
  6150 | D:6      | Reached skill level 10 in Dodging
  6481 | D:6      | Reached XP level 9. HP: 40/40 MP: 10/10
  6493 | D:6      | Found a shimmering blue altar of Sif Muna.
  6740 | D:7      | Noticed Maggie
  6828 | D:6      | Bought a potion of haste for 140 gold pieces
  6939 | D:7      | Found a hide-covered altar of Uskayaw.
  6941 | D:7      | Found a blossoming altar of Fedhas.
  6944 | D:7      | Found a shimmering altar of Xom.
  7108 | D:7      | Killed Maggie
  7291 | D:7      | Noticed a two-headed ogre
  7291 | D:7      | Noticed an unseen horror
  7313 | D:7      | Killed a two-headed ogre
  7314 | D:7      | Reached skill level 11 in Dodging
  7314 | D:7      | Reached skill level 10 in Shapeshifting
  7319 | D:7      | Killed an unseen horror
  7332 | D:7      | Reached skill level 12 in Dodging
  7904 | D:8      | Reached XP level 10. HP: 22/44 MP: 11/11
  8062 | D:8      | Found a staircase to the Lair.
  8163 | D:8      | Noticed Erica
  8186 | D:8      | Killed Erica
  8187 | D:8      | Reached skill level 13 in Dodging
  8553 | D:8      | Found Zuironu's Assorted Antiques.
  8709 | D:8      | Bought a scroll labelled WOCU XISYNYIN for 26 gold pieces
  8709 | D:8      | Bought a scroll of identify for 52 gold pieces
  8709 | D:8      | Bought a potion of curing for 78 gold pieces
  8793 | D:6      | Bought a potion of ambrosia for 112 gold pieces
  8793 | D:6      | Bought a potion of magic for 112 gold pieces
  8793 | D:6      | Bought a potion of brilliance for 56 gold pieces
  8793 | D:6      | Bought a potion of curing for 42 gold pieces
  8793 | D:6      | Bought a potion of might for 56 gold pieces
  9141 | D:8      | Reached skill level 14 in Dodging
  9534 | Lair:1   | Entered Level 1 of the Lair of Beasts
  9697 | D:8      | Reached XP level 11. HP: 39/47 MP: 12/12
  9872 | Lair:1   | Noticed a death yak
  9872 | Lair:1   | Noticed a death yak
  9872 | Lair:1   | Noticed a death yak
  9902 | Lair:1   | Killed a death yak
 10420 | Lair:1   | Reached skill level 15 in Dodging
 10446 | Lair:1   | Noticed a death yak
 10446 | Lair:1   | Noticed a death yak
 10477 | Lair:1   | Slain by a death yak
 10491 | Lair:1   | HP: 1/56 [poisoned by a black mamba]
 10511 | Lair:1   | Slain by a komodo dragon
 10533 | Lair:1   | Noticed a death yak
 10755 | Lair:1   | Killed a death yak
 11018 | Lair:1   | Killed a death yak
 11421 | D:8      | Killed a death yak
 11424 | D:8      | HP: 1/57 [yak (7)]
 11425 | D:8      | Slain by a yak

Illustrated notes

Levels and vault maps discovered:
D:1:      dpeg_arrival_radiant, layout_basic, serial_forest,
          infiniplex_forest_join, infiniplex_forest_straight_2,
          infiniplex_forest_join, infiniplex_forest_straight_4,
          infiniplex_forest_clump_double, infiniplex_forest_zigzag_2,
          infiniplex_forest_lined_room_2, minmay_hedge_maze, nrook_campfire,
          nrook_mini_vaults, minmay_shallow_snake_nest
D:2:      layout_basic
D:3:      layout_basic, mainiacjoe_overflow_six_doors_small
D:4:      layout_loops_corners, mainiacjoe_overflow_big_doors, uniq_eustachio,
          uniq_blork_the_orc, uniq_menkaure
D:5:      layout_rooms, serial_shops, nicolae_shop_statue_plus,
          cheibrodos_gnoll_hut, uniq_grinder, uniq_prince_ribbit1, uniq_edmund
D:6:      layout_loops_ring, marbit_many_paths, minmay_temple_entry_hall,
          serial_shops, nicolae_shop_peninsula
D:7:      nicolae_BIG_FREAKIN_CUBE, layout_basic,
          gammafunk_temple_overflow_forgotten, serial_corexii_hall,
          corexii_hall_statues_i, corexii_hall_statues_i, uniq_maggie
D:8:      layout_loops_ring, due_lair_maze_entry_diamond, serial_shops,
          nicolae_shop_statue_plus, hangedman_abyss_or_decor_lesser_grid,
          kennysheep_generic_room_8, uniq_erica
Temple:   nicolae_temple_bog_church
Lair:1:   layout_cave_shapes, grunt_megastairs_4, serial_bayou_shore_a,
          infiniplex_staircase_pool_2
Lair:2:   layout_gridlike, lemuel_fruit_fields, grunt_megastairs_2

Skill      XL: |  1  2  3  4  5  6  7  8  9 10 11 |
---------------+----------------------------------+-----
Fighting       | 2 3 4 5 6 |  6.0
Dodging        | 3 4 5 7 8 10 12 14 15 | 15.0
Shapeshifting  | 4 5 7 8 10 12 14 | 14.3
Unarmed Combat | |  3.0

Action                     |  1- 3 |  4- 6 |  7- 9 | 10-12 || total
---------------------------+-------+-------+-------+-------++-------
  Melee: Unarmed           |    61 |    76 |   238 |   335 ||   710
         Bite              |     5 |     5 |    36 |    32 ||    78
         Punch             |       |     2 |       |     1 ||     3
         Constrict         |       |       |       |    25 ||    25
    Use: Scroll            |     3 |     7 |     6 |     4 ||    20
         Potion            |       |     1 |     1 |     8 ||    10
   Stab: Sleeping          |     6 |     2 |       |       ||     8
         Distracted        |       |       |     1 |     2 ||     3
 Armour: Skin              |    14 |    21 |    38 |   122 ||   195
  Dodge: Dodged            |    24 |    62 |   179 |   247 ||   512
  Block: Other             |     2 |    23 |    31 |    58 ||   114
   Form: Flux              |       |       |     1 |       ||     1
         Anaconda          |       |       |       |     1 ||     1

Table legend: (Time is in decaauts)
 A = Elapsed time spent in this place.
 B = Non-inter-level travel time spent in this place.
 C = Inter-level travel time spent in this place.
 D = Time resting spent in this place.
 E = Time spent auto-exploring this place.
 F = Levels seen in this place.
 G = Mean time per level.
                   A        B        C        D        E       F      G
               +--------+--------+--------+--------+--------+-----+--------+
         Total |   9930 |   8707 |   1223 |   2044 |   3850 |  11 |  902.7 |
       Dungeon |   8385 |   7164 |   1221 |   1499 |   3673 |   8 | 1048.1 |
        Temple |     16 |     14 |      2 |      0 |      0 |   1 |   16.0 |
          Lair |   1528 |   1528 |      0 |    545 |    177 |   2 |  764.0 |
               +--------+--------+--------+--------+--------+-----+--------+

Top non-repeatable levels by time:
  Lair:1: 1526 daAuts
     D:4: 1505 daAuts
     D:8: 1369 daAuts
     D:7: 1171 daAuts
     D:3: 936 daAuts
     D:6: 889 daAuts
     D:1: 878 daAuts
     D:5: 858 daAuts
     D:2: 777 daAuts
  Temple: 16 daAuts
  Lair:2: 1 daAuts
